ORI
UNIVERSITY OF MIAMI HURRICANES @ OREGON STATE UNIVERSITY BEAVERS
12/01/2046
 
TOP OF THE 1ST
University of Miami Hurricanes batting - Pitching for Oregon State University Beavers : RHP Mark Giroux
Pitching: RHP Mark Giroux
Batting: RHB Sam Costello 0-0: Ball
1-0: Swinging Strike
1-1: Fly out, F8 (Flyball, 8LD, EV 91.9 MPH)
Batting: RHB C.J. Fleet 0-0: Swinging Strike
0-1: Ball
1-1: Ball
2-1: Foul Ball, location: 2F
2-2: Ball
3-2: Strikes out swinging
Batting: RHB Luis Sanchez 0-0: Fly out, F8 (Flyball, 8LM, EV 96.2 MPH)
Top of the 1st over - 0 runs, 0 hits, 0 errors, 0 left on base; University of Miami 0 - Oregon State University 0
BOTTOM OF THE 1ST
Oregon State University Beavers batting - Pitching for University of Miami Hurricanes : RHP Brandon Papa
Pitching: RHP Brandon Papa
Batting: LHB Pablo Fraga 0-0: Ball
1-0: Foul Ball, location: 2F
1-1: Foul Ball, location: 2F
1-2: Foul Ball, location: 2F
1-2: SINGLE (Groundball, 4M, EV 102.5 MPH) (infield hit)
Batting: LHB Fred Bal 0-0: Swinging Strike
0-1: Foul Ball, location: 2F
0-2: Foul Ball, location: 2F
0-2: Ball
1-2: Foul Ball, location: 2F
1-2: Ball
2-2: Strikes out looking
Batting: LHB Brock Darby 0-0: Ball
1-0: Fielders Choice at 2nd, 6-4 (Groundball, 6, EV 79.4 MPH)
Batting: RHB Martin Darrington 0-0: Called Strike
Pickoff Throw to First - Out! 1-3 CS
Bottom of the 1st over - 0 runs, 1 hit, 0 errors, 0 left on base; University of Miami 0 - Oregon State University 0
TOP OF THE 2ND
University of Miami Hurricanes batting - Pitching for Oregon State University Beavers : RHP Mark Giroux
Batting: LHB Juan Zuniga 0-0: DOUBLE (Groundball, 3L, EV 99.4 MPH)
Batting: LHB Addergoole Kartosuwiryo 0-0: Called Strike
0-1: Foul Ball, location: 2F
0-2: Strikes out looking
Batting: SHB Taylor Shelton 0-0: Ball
1-0: Ground out U3 (Groundball, 3, EV 80.0 MPH)
Juan Zuniga to third
Batting: RHB Drew Morgenstern 0-0: Ball
1-0: Ball
2-0: Foul Ball, location: 2F
2-1: Foul Ball, location: 2F
2-2: Ball
3-2: Strikes out swinging
Top of the 2nd over - 0 runs, 1 hit, 0 errors, 1 left on base; University of Miami 0 - Oregon State University 0
BOTTOM OF THE 2ND
Oregon State University Beavers batting - Pitching for University of Miami Hurricanes : RHP Brandon Papa
Batting: RHB Martin Darrington 0-0: Ball
1-0: Ball
2-0: Called Strike
2-1: Ground out 5-3 (Groundball, 5S, EV 62.5 MPH)
Batting: SHB Chris Gartner 0-0: Foul Ball, location: 2F
0-1: Ball
1-1: Foul Ball, location: 2F
1-2: Strikes out swinging
Batting: RHB Israel Soto 0-0: Swinging Strike
0-1: Called Strike
0-2: Strikes out swinging
Bottom of the 2nd over - 0 runs, 0 hits, 0 errors, 0 left on base; University of Miami 0 - Oregon State University 0
TOP OF THE 3RD
University of Miami Hurricanes batting - Pitching for Oregon State University Beavers : RHP Mark Giroux
Batting: LHB Jose Lopez 0-0: Ball
1-0: Ground out 4-3 (Groundball, 4M, EV 99.4 MPH)
Batting: RHB Justin Jackson 0-0: Ball
1-0: Swinging Strike
1-1: Ball
2-1: Called Strike
2-2: Ball
3-2: Foul Ball, location: 2F
3-2: Fly out, F8 (Flyball, 8LXD, EV 101.9 MPH)
Batting: RHB Sam Costello 0-0: Ball
1-0: Ground out 5-3 (Groundball, 5, EV 100.0 MPH)
Top of the 3rd over - 0 runs, 0 hits, 0 errors, 0 left on base; University of Miami 0 - Oregon State University 0
BOTTOM OF THE 3RD
Oregon State University Beavers batting - Pitching for University of Miami Hurricanes : RHP Brandon Papa
Batting: SHB Eric Robertson 0-0: Ball
1-0: Ball
2-0: Called Strike
2-1: Foul Ball, location: 2F
2-2: Foul Ball, location: 2F
2-2: Strikes out swinging
Batting: SHB Sosaia Apelahama 0-0: Ball
1-0: Ball
2-0: Foul Ball, location: 2F
2-1: Called Strike
2-2: Foul Ball, location: 2F
2-2: Strikes out swinging
Batting: RHB Oscar Munoz 0-0: Swinging Strike
0-1: Called Strike
0-2: Ground out 6-3 (Groundball, 56, EV 91.9 MPH)
Bottom of the 3rd over - 0 runs, 0 hits, 0 errors, 0 left on base; University of Miami 0 - Oregon State University 0
TOP OF THE 4TH
University of Miami Hurricanes batting - Pitching for Oregon State University Beavers : RHP Mark Giroux
Batting: RHB C.J. Fleet 0-0: Ball
1-0: Called Strike
1-1: Ball
2-1: DOUBLE (Groundball, 5L, EV 110.6 MPH)
Batting: RHB Luis Sanchez 0-0: Ball
1-0: TRIPLE (Flyball, 78XD, EV 107.5 MPH)
C.J. Fleet scores
Batting: LHB Juan Zuniga 0-0: Ball
1-0: Foul Ball, location: 2F
1-1: Foul Ball, location: 2F
1-2: Ball
2-2: Strikes out swinging
Batting: LHB Addergoole Kartosuwiryo 0-0: Called Strike
0-1: Ball
1-1: Called Strike
1-2: Ball
2-2: Strikes out swinging
Batting: SHB Taylor Shelton 0-0: Ball
1-0: Ball
2-0: SINGLE (Groundball, 4MD, EV 103.8 MPH)
Luis Sanchez scores
Batting: RHB Drew Morgenstern 0-0: Ball
1-0: Ball
Taylor Shelton is caught stealing 2nd base 2-4
Top of the 4th over - 2 runs, 3 hits, 0 errors, 0 left on base; University of Miami 2 - Oregon State University 0
BOTTOM OF THE 4TH
Oregon State University Beavers batting - Pitching for University of Miami Hurricanes : RHP Brandon Papa
Batting: LHB Pablo Fraga 0-0: Ball
1-0: Ball
2-0: Called Strike
2-1: Called Strike
2-2: Ball
3-2: Strikes out swinging
Batting: LHB Fred Bal 0-0: Called Strike
0-1: Ground out 5-3 (Groundball, 5, EV 92.5 MPH)
Batting: LHB Brock Darby 0-0: Ground out U3 (Groundball, 3S, EV 65.0 MPH)
Bottom of the 4th over - 0 runs, 0 hits, 0 errors, 0 left on base; University of Miami 2 - Oregon State University 0
TOP OF THE 5TH
University of Miami Hurricanes batting - Pitching for Oregon State University Beavers : RHP Mark Giroux
Batting: RHB Drew Morgenstern 0-0: Ball
1-0: Ground out 3-1 (Groundball, 34, EV 109.4 MPH)
Batting: LHB Jose Lopez 0-0: Swinging Strike
0-1: Ball
1-1: Fly out, F6 (Line Drive, 56D, EV 73.1 MPH)
Batting: RHB Justin Jackson 0-0: Called Strike
0-1: Fly out, F7 (Flyball, 78D, EV 105.0 MPH)
Top of the 5th over - 0 runs, 0 hits, 0 errors, 0 left on base; University of Miami 2 - Oregon State University 0
BOTTOM OF THE 5TH
Oregon State University Beavers batting - Pitching for University of Miami Hurricanes : RHP Brandon Papa
Batting: RHB Martin Darrington 0-0: Ball
1-0: Swinging Strike
1-1: Called Strike
1-2: Ball
2-2: SINGLE (Flyball, 78S, EV 91.2 MPH)
Batting: SHB Chris Gartner 0-0: Ball
1-0: Ball
2-0: Called Strike
2-1: Ball
3-1: Called Strike
3-2: SINGLE (Groundball, 34S, EV 79.4 MPH) (infield hit)
Martin Darrington to second
Batting: RHB Israel Soto 0-0: Ball
1-0: Ball
2-0: Ball
3-0: Called Strike
3-1: Base on Balls
Martin Darrington to third
Chris Gartner to second
Batting: SHB Eric Robertson 0-0: Swinging Strike
0-1: Swinging Strike
0-2: Ball
1-2: Ball
2-2: Foul Ball, location: 2F
2-2: Ball
3-2: Foul Ball, location: 2F
3-2: Grounds into fielders choice 4-2 (Groundball, 4M, EV 84.4 MPH)
Chris Gartner to third
Israel Soto to second
Batting: SHB Sosaia Apelahama 0-0: Ball
1-0: Swinging Strike
1-1: Called Strike
1-2: Strikes out swinging
Pitching: RHP Kevin Marthaler
Pinch Hitting: RHB Steve Webb 0-0: Ground out 6-3 (Groundball, 6S, EV 85.0 MPH)
Bottom of the 5th over - 0 runs, 2 hits, 0 errors, 3 left on base; University of Miami 2 - Oregon State University 0
TOP OF THE 6TH
University of Miami Hurricanes batting - Pitching for Oregon State University Beavers : RHP Mark Giroux
Now at 1B: Steve Webb
Batting: RHB Sam Costello 0-0: Foul Ball, location: 2F
0-1: Ball
1-1: Ground out 5-3 (Groundball, 5, EV 84.4 MPH)
Batting: RHB C.J. Fleet 0-0: Ball
1-0: Fly out, F9 (Line Drive, 9, EV 96.9 MPH)
Batting: RHB Luis Sanchez 0-0: Called Strike
0-1: Foul Ball, location: 2F
0-2: Strikes out swinging
Top of the 6th over - 0 runs, 0 hits, 0 errors, 0 left on base; University of Miami 2 - Oregon State University 0
BOTTOM OF THE 6TH
Oregon State University Beavers batting - Pitching for University of Miami Hurricanes : RHP Kevin Marthaler
Batting: LHB Pablo Fraga 0-0: Ball
1-0: Called Strike
1-1: Ball
2-1: Ball
3-1: Called Strike
3-2: Ground out 4-3 (Groundball, 4, EV 85.6 MPH)
Batting: LHB Fred Bal 0-0: Called Strike
0-1: Swinging Strike
0-2: Foul Ball, location: 2F
0-2: Ball
1-2: Ball
2-2: Ground out 4-3 (Groundball, 4, EV 103.1 MPH)
Batting: LHB Brock Darby 0-0: Ball
1-0: Foul Ball, location: 2F
1-1: Ball
2-1: Reached on error, E5 (Groundball, 56, EV 88.8 MPH)
Pinch Hitting: LHB Jon Hamilton 0-0: Ball
Brock Darby is caught stealing 2nd base 2-6
Bottom of the 6th over - 0 runs, 0 hits, 1 error, 0 left on base; University of Miami 2 - Oregon State University 0
TOP OF THE 7TH
University of Miami Hurricanes batting - Pitching for Oregon State University Beavers : RHP Mark Giroux
Now in LF: Fred Bal
Now in RF: Jon Hamilton
Batting: LHB Juan Zuniga 0-0: Ball
1-0: Ball
2-0: Ball
3-0: Called Strike
3-1: Foul Ball, location: 2F
3-2: Base on Balls
Batting: LHB Addergoole Kartosuwiryo 0-0: Ball
Juan Zuniga steals 2nd base
1-0: Ball
2-0: Foul Ball, location: 2F
2-1: Ball
3-1: Foul Ball, location: 2F
3-2: SINGLE (Flyball, 7S, EV 99.4 MPH)
Juan Zuniga to third
Batting: SHB Taylor Shelton 0-0: Called Strike
0-1: Ball
1-1: Ball
2-1: Called Strike
2-2: Ball
3-2: SINGLE (Line Drive, 9S, EV 98.1 MPH)
Juan Zuniga scores
Addergoole Kartosuwiryo to second
Batting: RHB Drew Morgenstern 0-0: Ball
1-0: Called Strike
1-1: Ball
2-1: Ball
3-1: Base on Balls
Addergoole Kartosuwiryo to third
Taylor Shelton to second
Batting: LHB Jose Lopez 0-0: Called Strike
0-1: Swinging Strike
0-2: Fly out, F8 (Line Drive, 8RM, EV 86.2 MPH)
Runner from 3rd tags up, SCORES, no throw by CF
Batting: RHB Justin Jackson 0-0: Called Strike
0-1: Swinging Strike
0-2: Fly out, F9 (Flyball, 9, EV 88.1 MPH)
Batting: RHB Sam Costello 0-0: Ball
1-0: SINGLE (Groundball, 56D, EV 100.6 MPH)
Taylor Shelton to third
Drew Morgenstern to second
Runner from 3rd tries for Home, throw by LF and OUT! 7-2
Top of the 7th over - 2 runs, 3 hits, 0 errors, 2 left on base; University of Miami 4 - Oregon State University 0
BOTTOM OF THE 7TH
Oregon State University Beavers batting - Pitching for University of Miami Hurricanes : RHP Kevin Marthaler
Batting: LHB Jon Hamilton 0-0: Ball
1-0: Foul Ball, location: 2F
1-1: Ball
2-1: Ball
3-1: Foul Ball, location: 2F
3-2: SOLO HOME RUN (Flyball, 89XD, EV 104.4 MPH), Distance : 402 ft
Batting: SHB Chris Gartner 0-0: Ball
1-0: Called Strike
1-1: Called Strike
1-2: Fly out, F9 (Line Drive, 9, EV 91.9 MPH)
Batting: RHB Israel Soto 0-0: Fly out, F8 (Flyball, 8RD, EV 88.1 MPH)
Batting: SHB Eric Robertson 0-0: Ball
1-0: Ball
2-0: Ball
3-0: Called Strike
3-1: Foul Ball, location: 2F
3-2: Fly out, F7 (Flyball, 7LD, EV 73.1 MPH)
Bottom of the 7th over - 1 run, 1 hit, 0 errors, 0 left on base; University of Miami 4 - Oregon State University 1
TOP OF THE 8TH
University of Miami Hurricanes batting - Pitching for Oregon State University Beavers : RHP Mark Giroux
Batting: RHB C.J. Fleet 0-0: Ball
1-0: Swinging Strike
1-1: Swinging Strike
1-2: Foul Ball, location: 2F
1-2: Fly out, F8 (Line Drive, 8LD, EV 85.0 MPH)
Pitching: RHP Daniel Brown
Batting: RHB Luis Sanchez 0-0: Ball
1-0: Ball
2-0: Called Strike
2-1: Foul Ball, location: 2F
2-2: Foul Ball, location: 2F
2-2: Ball
3-2: Base on Balls
Batting: LHB Juan Zuniga 0-0: Ball
1-0: Called Strike
1-1: Ball
2-1: Ball
3-1: Foul Ball, location: 2F
3-2: Base on Balls
Luis Sanchez to second
Batting: LHB Addergoole Kartosuwiryo 0-0: Ball
1-0: Foul Ball, location: 2F
1-1: Reached on error, E4 (Groundball, 4, EV 86.2 MPH)
Luis Sanchez to third
Juan Zuniga to second
Batting: SHB Taylor Shelton 0-0: Swinging Strike
0-1: Ball
1-1: Ball
2-1: Foul Ball, location: 2F
2-2: Foul Ball, location: 2F
2-2: Ball
3-2: Strikes out swinging
Batting: RHB Drew Morgenstern 0-0: Called Strike
0-1: Ball
1-1: Swinging Strike
1-2: Ball
2-2: Foul Ball, location: 2F
2-2: Ball
3-2: Strikes out looking
Top of the 8th over - 0 runs, 0 hits, 1 error, 3 left on base; University of Miami 4 - Oregon State University 1
BOTTOM OF THE 8TH
Oregon State University Beavers batting - Pitching for University of Miami Hurricanes : RHP Kevin Marthaler
Pitching: RHP Terry Johnson
Batting: SHB Sosaia Apelahama 0-0: Ground out 4-3 (Groundball, 4MS, EV 78.1 MPH)
Batting: RHB Steve Webb 0-0: Ball
1-0: Ball
2-0: Ball
3-0: Base on Balls
Batting: LHB Pablo Fraga 0-0: Swinging Strike
0-1: Ball
1-1: Called Strike
1-2: Ball
2-2: Foul Ball, location: 2F
2-2: Ball
3-2: Foul Ball, location: 2F
3-2: Base on Balls
Steve Webb to second
Batting: LHB Fred Bal 0-0: Ball
1-0: Ball
2-0: Foul Ball, location: 2F
2-1: Ball
3-1: Fielders Choice at 2nd, 3-6 (Groundball, 34S, EV 91.2 MPH)
Steve Webb to third
Batting: LHB Brock Darby 0-0: Called Strike
0-1: SINGLE (Groundball, 3D, EV 100.0 MPH)
Steve Webb scores
Fred Bal to second
Pitching: LHP Bill MacDermid
Batting: LHB Jon Hamilton 0-0: Called Strike
0-1: Ball
1-1: Ball
2-1: Called Strike
2-2: Strikes out looking
Bottom of the 8th over - 1 run, 1 hit, 0 errors, 2 left on base; University of Miami 4 - Oregon State University 2
TOP OF THE 9TH
University of Miami Hurricanes batting - Pitching for Oregon State University Beavers : RHP Daniel Brown
Pitching: RHP Paul Cooke
Batting: LHB Jose Lopez 0-0: Ball
1-0: Called Strike
1-1: Ball
2-1: Ball
3-1: Base on Balls
Batting: RHB Justin Jackson 0-0: Sac Bunt to 13 - play at first, batter OUT! 1-3
Jose Lopez to second
Batting: RHB Sam Costello 0-0: Intentional Walk
Pinch Hitting: RHB Leonardo Morales 0-0: Called Strike
0-1: Foul Ball, location: 2F
0-2: Strikes out looking
Batting: RHB Luis Sanchez 0-0: Swinging Strike
0-1: Ball
Wild Pitch!
Jose Lopez to third
Sam Costello to second
1-1: Called Strike
1-2: Ball
2-2: Foul Ball, location: 2F
2-2: Strikes out swinging
Top of the 9th over - 0 runs, 0 hits, 0 errors, 2 left on base; University of Miami 4 - Oregon State University 2
BOTTOM OF THE 9TH
Oregon State University Beavers batting - Pitching for University of Miami Hurricanes : LHP Bill MacDermid
Pitching: RHP Matt Pepin
Now at SS: Tu Vo
Pinch Hitting: LHB Jason Trevarrow 0-0: Ball
1-0: Ball
2-0: Foul Ball, location: 2F
2-1: Called Strike
2-2: Foul Ball, location: 2F
2-2: Ball
3-2: Foul Ball, location: 2F
3-2: Foul Ball, location: 2F
3-2: SINGLE (Line Drive, 6D, EV 95.0 MPH)
Batting: RHB Israel Soto 0-0: Ball
1-0: Foul Ball, location: 2F
1-1: Swinging Strike
1-2: Foul Ball, location: 2F
1-2: Foul Ball, location: 2F
1-2: Ball
2-2: Ball
3-2: Base on Balls
Jason Trevarrow to second
Batting: SHB Eric Robertson 0-0: Ball
1-0: Bunt missed!
1-1: Bunted foul
1-2: Foul Ball, location: 2F
1-2: Strikes out swinging
Batting: SHB Sosaia Apelahama 0-0: Ball
1-0: Fielders Choice at 2nd, 4-6 (Groundball, 4S, EV 76.2 MPH)
Jason Trevarrow to third
Batting: RHB Steve Webb 0-0: Called Strike
0-1: Ball
1-1: Fly out, F7 (Flyball, 78M, EV 90.0 MPH)
Bottom of the 9th over - 0 runs, 1 hit, 0 errors, 2 left on base; University of Miami 4 - Oregon State University 2
Tuesday, September 13th , 2022 - OOTP Baseball 23.7 Build 88